 Dungeon Crawl Stone Soup version 0.28-a0-1629-gf728b707aa (webtiles) character file.

Game seed: 6512589091876996749

270 kae the Ruffian (level 6, -1/49 HPs)
             Began as a Demonspawn Fighter on Jan 24, 2022.
             Slain by an orc (4 damage)
             ... on level 4 of the Dungeon.
             The game lasted 00:03:28 (4099 turns).

kae the Ruffian (Demonspawn Fighter)                Turns: 4099, Time: 00:03:29

Health: -1/49      AC:  8    Str: 19    XL:     6   Next: 1%
Magic:  6/6        EV: 11    Int:  9    God:
Gold:   1180       SH:  4    Dex: 12    Spells: 5/5 levels left

rFire   . . .      SeeInvis .     - Unarmed
rCold   . . .      Faith    .   b - +0 buckler
rNeg    . . .      Spirit   .   a - +0 scale mail
rPois   .          Reflect  .   (no helmet)
rElec   .          Harm     .   (no cloak)
rCorr   .          Rampage  .   h - +1 Delatra's gloves {ID++}
Will    .....                   (no boots)
Stlth   ..........              (no amulet)
HPRegen 0.16/turn               (no ring)
MPRegen 0.10/turn               (no ring)

@: no status effects
A: repulsion field 1, foul stench 2
a: no special abilities


You were on level 4 of the Dungeon.
You visited 1 branch of the dungeon, and saw 4 of its levels.

You collected 1180 gold pieces.

Inventory:

Armour
 a - a +0 scale mail (worn)
 b - a +0 buckler (worn)
 h - the +1 Delatra's gloves (worn) {ID++}
   (You found it on level 2 of the Dungeon)

   It heals its wearer when they drink unknown potions.
   It restores its wearer's MP when they read unknown scrolls.
Scrolls
 f - a scroll of enchant weapon
 g - 2 scrolls of identify
 l - a scroll of magic mapping
 m - a scroll of holy word {unknown}
Potions
 c - a potion of might
 d - 3 potions of curing
 e - a potion of heal wounds
 i - a potion of magic
 j - a potion of cancellation
 k - 2 potions of brilliance


   Skills:
 + Level 4.5 Fighting
 - Level 2.6 Armour
 - Level 2.6 Shields
 * Level 4.8 Unarmed Combat


You had 5 spell levels left.
You didn't know any spells.
Your spell library was empty.

Dungeon Overview and Level Annotations

Branches:
Dungeon (4/15)
 Temple: D:4-7

Altars:


Innate Abilities, Weirdness & Mutations

You are surrounded by a mild repulsion field. (EV +2)
You sometimes emit foul miasma when damaged in melee.


Message History

The orc hits you with a +0 trident.
There are monsters nearby!
The orc hits you from afar with a +0 trident.
You are too injured to fight recklessly!
You are too injured to fight recklessly!
You are too injured to fight recklessly!
You are too injured to fight recklessly!
You hit the orc.
The orc is moderately wounded.
The orc completely misses you.
The orc hits you from afar with a +0 trident.
You punch the orc!
You kill the orc!
The orc misses you.
You have reached level 6!
Your demonic ancestry asserts itself...
Your foul stench grows more powerful.
You closely miss the quokka. The quokka barely misses you.
The orc hits you but does no damage.
The quokka bites you but does no damage.
You hit the quokka but do no damage. The orc barely misses you.
The quokka bites you.
You punch the quokka!
You kill the quokka!
The orc hits you from afar with a +0 trident.
You hit the orc.
The orc is heavily wounded.
The orc hits you but does no damage. You block the orc's attack.
You hit the orc.
The orc is almost dead.
The orc closely misses you.
The orc hits you from afar with a +0 trident.
You hit the orc.
You kill the orc!
You barely miss the orc. The orc closely misses you.
The orc hits you but does no damage.
You are electrocuted!
* * * LOW HITPOINT WARNING * * *
You closely miss the orc.
The orc hits you from afar with a +0 trident.
You die...

##..#...# #
##...## ........#.
..... .........
...#
.......########).#
........##.......#
..............#..#
..).##...).#....o#
#+#......###..##o#
#.##.#.###..##@#
#....#.........#
#....#####...###
#....# #...#
......# .......
..####.#
####..##.# .. ...
...# # .#. ###.#
.#


You could see 2 orcs.

Vanquished Creatures
  A scorpion (D:4)
  A jelly (D:4)
  An orc wizard (D:2)
  An iguana (D:4)
  Robin (D:3)
  3 adders (D:3)
  An adder skeleton (D:4)
  A worm (D:4)
  11 orcs
  3 endoplasms
  2 giant cockroaches (D:2)
  19 goblins
  5 hobgoblins
  3 jackals (D:2)
  3 kobolds (D:1)
  A quokka (D:4)
  7 ball pythons
  4 bats
  4 frilled lizards (D:3)
  6 rats
78 creatures vanquished.

Notes
Turn   | Place    | Note
-------+----------+-------------------------------------------
     0 | D:1      | kae the Demonspawn Fighter began the quest for the Orb.
     0 | D:1      | Reached XP level 1. HP: 18/18 MP: 1/1
   203 | D:1      | Gained mutation: You are surrounded by a mild repulsion
                  | field. (EV +2) [demonic ancestry]
   203 | D:1      | Reached XP level 2. HP: 22/24 MP: 2/2
   767 | D:2      | Identified a scroll of acquirement
   767 | D:2      | Acquired 1011 gold pieces
   828 | D:2      | Found a faded altar of an unknown god.
  1047 | D:2      | Gained mutation: You may rarely emit foul miasma when
                  | damaged in melee. [demonic ancestry]
  1047 | D:2      | Reached XP level 3. HP: 28/29 MP: 3/3
  1361 | D:2      | Found the +1 Delatra's gloves {ID++}
  1633 | D:2      | Reached XP level 4. HP: 21/37 MP: 4/4
  2678 | D:4      | Noticed Robin
  2889 | D:3      | Killed Robin
  3151 | D:4      | Reached XP level 5. HP: 42/42 MP: 5/5
  4092 | D:4      | Gained mutation: You sometimes emit foul miasma when
                  | damaged in melee. [demonic ancestry]
  4092 | D:4      | Reached XP level 6. HP: 28/49 MP: 6/6
  4098 | D:4      | HP: 2/49 [orc (16)]
  4099 | D:4      | Slain by an orc

Illustrated notes

Levels and vault maps discovered:
D:1:      sevenhm_arrival_forest_fort_small_5, layout_basic, minmay_distorted
D:2:      layout_basic, basic_ecumenical_altar, pf_guarded_unrand_delatra
D:3:      layout_rooms
D:4:      layout_basic, ebering_ghost_gozag, serial_bayou_crossing, uniq_robin

Skill      XL: |  1  2  3  4 |
---------------+-------------+-----
Unarmed Combat | 2 3 4 |  4.8
Fighting       | 4 |  4.5
Armour         | |  2.6
Shields        | |  2.6

Action                   |  1- 3 |  4- 6 || total
-------------------------+-------+-------++-------
Melee: Unarmed           |   151 |   164 ||   315
  Use: Scroll            |     3 |     7 ||    10
       Potion            |     1 |       ||     1
Armor: Scale mail        |    58 |    66 ||   124
Dodge: Dodged            |    73 |    68 ||   141
Block: Buckler           |    29 |    29 ||    58

Table legend: (Time is in decaauts)
 A = Elapsed time spent in this place.
 B = Non-inter-level travel time spent in this place.
 C = Inter-level travel time spent in this place.
 D = Time resting spent in this place.
 E = Time spent auto-exploring this place.
 F = Levels seen in this place.
 G = Mean time per level.
                   A        B        C        D        E       F      G
               +--------+--------+--------+--------+--------+-----+--------+
         Total |   4105 |   3980 |    125 |   1004 |   2292 |   4 | 1026.2 |
       Dungeon |   4105 |   3980 |    125 |   1004 |   2292 |   4 | 1026.2 |
               +--------+--------+--------+--------+--------+-----+--------+

Top non-repeatable levels by time:
     D:3: 1145 daAuts
     D:1: 1046 daAuts
     D:2: 989 daAuts
     D:4: 923 daAuts
